 Dungeon Crawl Stone Soup version 0.21.1-1-g345015f (webtiles) character file.

30646 lorenzova the Eclecticist (level 13, 0/63 HPs)
             Began as a Deep Elf Conjurer on Apr 27, 2018.
             Was an Elder of Vehumet.
             Slain by a spiny frog (7 damage)
             ... on level 4 of the Lair of Beasts.
             The game lasted 01:05:37 (24133 turns).

lorenzova the Eclecticist (Deep Elf Conjurer)      Turns: 24133, Time: 01:05:40

Health: 0/63       AC:  5    Str:  5    XL:     13   Next: 21%
Magic:  2/35       EV: 15    Int: 26    God:    Vehumet [****..]
Gold:   1249       SH:  0    Dex: 15    Spells: 21/45 levels left

rFire    + . .     SeeInvis .   O - staff of poison
rCold    + . .     Gourm    .   (no shield)
rNeg     . . .     Faith    .   a - +0 robe
rPois    +         Spirit   .   j - +0 helmet (curse)
rElec    .         Reflect  .   t - scarf {repulsion}
rCorr    .         Harm     .   (no gloves)
MR       +....                  s - +1 pair of boots
Stlth    ++........             (no amulet)
HPRegen  0.20/turn              o - ring of protection from cold
MPRegen  0.24/turn              E - ring of protection from fire

@: lethally poisoned (0 -> -9), repel missiles
A: no striking features
a: Renounce Religion


You were on level 4 of the Lair of Beasts.
You worshipped Vehumet.
Vehumet was greatly pleased with you.
You were near starving.

You visited 3 branches of the dungeon, and saw 18 of its levels.
You also visited: Ossuary.

You collected 1277 gold pieces.
You spent 28 gold pieces at shops.

Inventory:

Hand Weapons
 n - the +1 spear of Ashenzari's Pride {pain, MR+ Int+4 Dex+3}
   (You found it on level 4 of the Dungeon)

   In the hands of one skilled in necromantic magic, it inflicts extra damage on
   living creatures.
   It affects your intelligence (+4).
   It affects your dexterity (+3).
   It affects your resistance to hostile enchantments.
 v - a +3 dagger of electrocution
Armour
 a - a +0 robe (worn)
 j - a cursed +0 helmet (worn)
 s - a +1 pair of boots (worn)
 t - a scarf of repulsion (worn)
Magical Staves
 O - an uncursed staff of poison (weapon)
Jewellery
 o - a ring of protection from cold (left hand)
 E - a ring of protection from fire (right hand)
 F - an uncursed ring of fire
 M - an uncursed ring of flight
Wands
 x - a wand of disintegration (30)
 G - a wand of enslavement (37)
 I - a wand of digging (24)
 R - a wand of random effects (25)
Scrolls
 e - 3 scrolls of amnesia
 f - 9 scrolls of remove curse
 h - 3 scrolls of enchant armour
 i - 8 scrolls of teleportation
 l - a scroll of fog
 q - 2 scrolls of enchant weapon
 w - 3 scrolls of blinking
 y - a scroll of summoning {unknown}
 D - a scroll of identify
 H - 2 scrolls of immolation {unknown}
 J - a scroll of acquirement
 N - 2 scrolls of torment {unknown}
 P - a scroll of noise {unknown}
 Q - a scroll of brand weapon {unknown}
Potions
 b - a potion of berserk rage
 d - 6 potions of heal wounds
 g - 2 potions of invisibility
 k - 5 potions of curing
 m - 7 potions of haste
 p - 5 potions of flight
 u - 4 potions of magic {unknown}
 z - 3 potions of brilliance {unknown}
 A - 4 potions of agility
 B - a potion of cancellation
 K - a potion of ambrosia
 L - 2 potions of might
Miscellaneous
 r - a lightning rod (4/4)
 C - a lamp of fire
Comestibles
 c - 22 rations


   Skills:
 + Level 2.5 Armour
 + Level 4.6 Dodging
 - Level 2.4 Stealth
 * Level 16.6 Spellcasting
 * Level 14.6 Conjurations
 - Level 10.0 Hexes
 * Level 8.7 Fire Magic
 + Level 3.9 Air Magic


You had 21 spell levels left.
You knew the following spells:

 Your Spells              Type           Power        Failure   Level  Hunger
a - Magic Dart            Conj           ####         0%          1    None
c - Iskenderun's Mystic   Conj           #######.     1%          4    None
d - Fulminant Prism       Conj/Hex       ######....   1%          4    None
f - Fireball              Conj/Fire      ######....   1%          5    None
s - Sticky Flame          Conj/Fire      ######..     1%          4    None
w - Mephitic Cloud        Conj/Pois/Air  ######..     1%          3    None
z - Conjure Flame         Conj/Fire      ######..     1%          3    None


Dungeon Overview and Level Annotations

Branches:
Dungeon (12/15)            Temple (1/1) D:7            Lair (5/6) D:8
  Swamp (0/4) Lair:3        Snake (0/4) Lair:3          Orc (0/2) D:12
  Slime: Lair:5-6

Altars:
Ashenzari
Cheibriados
Dithmenos
Elyvilon
Fedhas
Gozag
Hepliaklqana
Kikubaaqudgha
Makhleb
Nemelex Xobeh
Okawaru
Qazlal
Ru
Sif Muna
Trog
Uskayaw
Vehumet
Wu Jian
Xom
Yredelemnul
Zin
The Shining One

Shops:
D:11 *


Message History

Unknown command.
You feel sick.
The spiny frog burns!
You feel sick.
The spiny frog burns!
You feel sick.
The spiny frog burns!
The spiny frog barely misses you.
You feel sick.
The spiny frog burns!
You hit the bush but do no damage.
You feel sick.
The spiny frog burns! x2
The spiny frog stops burning.
The spiny frog stings you!
* * * LOW HITPOINT WARNING * * *
Casting: Sticky Flame
Confirm with . or Enter, or press ? or * to list all spells.
Aiming: Sticky Flame
Press: ? - help, Shift-Dir - straight line, f/p - spiny frog
Aim: a spiny frog (almost dead)
The sticky flame hits the spiny frog.
The spiny frog appears unharmed.
The spiny frog is almost dead.
The spiny frog is covered in liquid flames!
* * * LOW HITPOINT WARNING * * *
You feel sick.
The spiny frog burns!
The spiny frog barely misses you. The spiny frog stings you!
You die...

..##....##...#..≈≈≈≈≈≈≈≈≈....#...
..#.....##.....≈≈≈≈≈≈≈≈≈....###..
..#.....#......≈≈≈≈≈≈≈≈≈≈...# #..
..#......#.....≈≈≈≈≈..≈≈#...# #.P
..##.........##≈≈≈≈.>.≈.....#####
...#..#..#...P≈≈.............##.#
..##.#...........................
.................F...............
................@................
...............P#.P.###(.........
...............##.####.........PP
...##..#.#.....##...##.......P###
...#.#.##.......#............##.#
..#.#..###.....###..P.#..........
...............##...###......##..
..#.#...#......##...##.......###.
...###.##......###.P###......# ##


You could see a spiny frog (burning).

Vanquished Creatures
  The ghost of Verendum the Bludgeoner, a journeyman MiGl of the Shining One (Lair:2)
  3 hydras (Lair:4)
  2 two-headed ogres
  The ghost of Verendum the Bludgeoner, a journeyman GrMo of Okawaru (D:11)
  Sonja (D:11)
  Pikel (D:5)
  A lindwurm (Lair:4)
  2 oklob plants
  A deep elf mage (D:12)
  An ugly thing (D:11)
  A centaur zombie (D:12)
  4 elephants
  3 black mambas
  The ghost of Verendum the Spear-Bearer, a novice MfGl (D:4)
  A gargoyle (D:11)
  5 spiny frogs
  A rime drake (Lair:2)
  4 komodo dragons
  2 hornets
  Grinder (D:3)
  4 polar bears (Lair:2)
  A slime creature (Lair:2)
  3 blink frogs (Lair:4)
  6 hippogriffs
  Sigmund (D:5)
  2 wraiths (D:7)
  21 yaks
  3 wyverns
  3 hogs (D:9)
  A human (D:9)
  A hungry ghost (D:11)
  Edmund (D:5)
  3 nagas (Lair:3)
  7 water moccasins
  3 phantoms
  5 porcupines
  An orc warrior (D:7)
  A black bear (shapeshifter) (D:10)
  A sky beast (D:11)
  A swamp drake (D:12)
  A black bear (D:9)
  3 ice beasts
  A slave (D:5)
  8 wolves
  An eye of draining (D:11)
  A necrophage (D:12)
  7 ogres
  7 centaurs
  4 crocodiles
  2 big kobolds
  Blork the orc (D:4)
  11 bullfrogs
  3 elf skeletons
  2 water moccasin skeletons
  A scorpion (D:10)
  2 wyvern skeletons
  3 killer bees (D:8)
  5 wights
  4 bullfrog zombies
  7 hounds
  4 crimson imps
  5 human zombies
  5 jellies
  2 quasits
  3 orc priests
  2 bullfrog skeletons
  3 centaur skeletons
  4 human skeletons
  Crazy Yiuf (D:5)
  Natasha (thrice) (D:3)
  5 iguanas
  9 orc wizards
  6 worker ants
  A killer bee zombie (D:9)
  2 big kobold zombies (Ossuary)
  A hound skeleton (D:11)
  8 mummies (Ossuary)
  A worker ant zombie (D:7)
  Robin (D:2)
  A gnoll (D:4)
  2 howler monkey skeletons
  18 adders
  2 shadow imps
  17 oozes
  An adder skeleton (D:6)
  2 adder zombies
  4 worms
  A dart slug (D:3)
  7 leopard geckos
  23 orcs
  4 giant cockroaches
  2 gnoll zombies (Ossuary)
  10 goblins
  13 hobgoblins
  10 jackals
  2 quokkas (D:4)
  A ball python (D:1)
  11 bats
  3 frilled lizards
  A hobgoblin zombie (Ossuary)
  A jackal skeleton (D:4)
  15 kobolds
  2 kobold zombies (Ossuary)
  A leopard gecko skeleton (D:8)
  An orc skeleton (D:6)
  3 orc zombies
  2 quokka skeletons
  12 rats
  7 fungi
  23 plants
448 creatures vanquished.

Vanquished Creatures (others)
  An orc wizard (D:12)
  A shadow imp (D:5)
  100 fulminant prisms
  4 fungi (Lair:2)
  3 plants (Lair:4)
109 creatures vanquished.

Grand Total: 557 creatures vanquished

Notes
Turn   | Place    | Note
-------+----------+-------------------------------------------
     0 | D:1      | lorenzova the Deep Elf Conjurer began the quest for the Orb.
     0 | D:1      | Reached XP level 1. HP: 10/10 MP: 6/6
   224 | D:1      | Reached XP level 2. HP: 15/15 MP: 5/8
   228 | D:1      | Learned a level 2 spell: Searing Ray
  1392 | D:2      | Reached skill level 4 in Spellcasting
  1457 | D:2      | Reached skill level 5 in Conjurations
  1497 | D:2      | Reached XP level 3. HP: 19/19 MP: 7/10
  1818 | D:2      | Noticed Robin
  1888 | D:2      | Killed Robin
  1888 | D:2      | Reached XP level 4. HP: 15/24 MP: 2/12
  2315 | D:2      | Reached skill level 5 in Spellcasting
  2820 | D:2      | Found a shimmering altar of Xom.
  3028 | D:2      | You fall through a shaft for 2 floors!
  3031 | D:4      | Got an ancient spear
  3032 | D:4      | Identified the +1 spear of Ashenzari's Pride {pain, MR+ Int+4 Dex+3} (You found it on level 4 of the Dungeon)
  3059 | D:4      | Learned a level 4 spell: Iskenderun's Mystic Blast
  3065 | D:4      | Reached XP level 5. HP: 28/28 MP: 9/15
  3290 | D:4      | Found an ancient bone altar of Kikubaaqudgha.
  3351 | D:4      | Noticed Verendum's ghost (novice MfGl)
  3450 | D:4      | Reached skill level 6 in Spellcasting
  3478 | D:4      | Reached XP level 6. HP: 21/32 MP: 6/17
  3649 | D:4      | Reached skill level 7 in Spellcasting
  3920 | D:4      | Learned a level 4 spell: Fulminant Prism
  3966 | D:4      | Noticed Blork the orc
  3974 | D:4      | Killed Blork the orc
  3974 | D:4      | Reached XP level 7. HP: 36/36 MP: 11/19
  4159 | D:3      | Noticed Natasha
  4164 | D:3      | Killed Natasha
  4164 | D:3      | Reached skill level 1 in Hexes
  4470 | D:3      | Noticed Natasha
  4473 | D:3      | Killed Natasha
  4671 | D:3      | Noticed Natasha
  4672 | D:3      | Killed Natasha
  4754 | D:3      | Noticed Grinder
  4763 | D:3      | Killed Grinder
  4763 | D:3      | Reached skill level 8 in Spellcasting
  5161 | D:4      | Killed Verendum's ghost
  5161 | D:4      | Reached skill level 9 in Spellcasting
  5161 | D:4      | Reached XP level 8. HP: 41/41 MP: 3/23
  5355 | D:5      | Entered Level 5 of the Dungeon
  6037 | D:5      | Reached skill level 10 in Spellcasting
  6171 | D:5      | Noticed Edmund
  6180 | D:5      | Killed Edmund
  6185 | D:5      | Noticed Sigmund
  6249 | D:5      | Killed Sigmund
  6249 | D:5      | Reached skill level 5 in Hexes
  6249 | D:5      | Reached XP level 9. HP: 45/45 MP: 17/25
  6351 | D:5      | Noticed Pikel
  6358 | D:5      | Killed Pikel
  6358 | D:5      | Reached skill level 11 in Spellcasting
  6358 | D:5      | Reached skill level 10 in Conjurations
  6453 | D:5      | Found an ornate altar of the Wu Jian Council.
  6797 | D:5      | Found a bloodstained altar of Trog.
  7180 | D:5      | Found a runed door.
  7184 | D:5      | Noticed Crazy Yiuf
  7185 | D:5      | Killed Crazy Yiuf
  7347 | D:6      | Found a sacrificial altar of Ru.
  7356 | D:6      | Found a sparkling altar of Nemelex Xobeh.
  7446 | D:6      | Found a sand-covered staircase.
  7453 | Ossuary  | Entered an ossuary
  9086 | D:7      | Found a staircase to the Ecumenical Temple.
  9136 | Temple   | Entered the Ecumenical Temple
  9210 | Temple   | Became a worshipper of Vehumet
  9258 | D:7      | Reached skill level 12 in Spellcasting
  9905 | D:7      | Reached XP level 10. HP: 50/50 MP: 3/28
 10313 | D:7      | Found a basalt altar of Yredelemnul.
 10916 | D:8      | Found a staircase to the Lair.
 11934 | D:9      | Found a sparkling altar of Nemelex Xobeh.
 12030 | D:9      | Reached skill level 13 in Spellcasting
 12567 | D:9      | Reached * piety under Vehumet
 12567 | D:9      | Offered knowledge of Shock by Vehumet.
 12920 | Lair:1   | Entered Level 1 of the Lair of Beasts
 12925 | Lair:1   | Noticed an oklob plant
 13081 | Lair:1   | Found a shadowy altar of Dithmenos.
 13746 | Lair:1   | Killed an oklob plant
 13880 | Lair:1   | Identified 2 scrolls of acquirement
 13888 | Lair:1   | Learned a level 3 spell: Conjure Flame
 13893 | Lair:1   | Learned a level 4 spell: Sticky Flame
 13899 | Lair:1   | Learned a level 5 spell: Fireball
 13943 | D:10     | Entered Level 10 of the Dungeon
 14090 | D:10     | Reached XP level 11. HP: 46/54 MP: 17/30
 14128 | D:10     | Reached skill level 1 in Fire Magic
 14132 | D:10     | Reached skill level 14 in Spellcasting
 16492 | D:11     | Noticed Verendum's ghost (journeyman GrMo)
 16692 | D:11     | Noticed a two-headed ogre
 16704 | D:11     | Reached ** piety under Vehumet
 16704 | D:11     | Offered knowledge of Throw Frost by Vehumet.
 16716 | D:11     | Killed a two-headed ogre
 16719 | D:11     | Killed Verendum's ghost
 16927 | D:11     | Noticed a green ugly thing
 16939 | D:11     | Killed a green ugly thing
 17115 | D:11     | Noticed Sonja
 17117 | D:11     | Killed Sonja
 17237 | D:11     | Found Jacanoor's Assorted Antiques.
 17245 | D:11     | Bought a lumpy inky potion for 28 gold pieces
 18209 | D:12     | Offered knowledge of Mephitic Cloud by Vehumet.
 18214 | D:12     | Learned a level 3 spell: Mephitic Cloud
 18472 | D:12     | Found a staircase to the Orcish Mines.
 18596 | D:12     | Noticed a deep elf mage
 18610 | D:12     | Killed a deep elf mage
 18610 | D:12     | Reached skill level 15 in Spellcasting
 18610 | D:12     | Reached skill level 5 in Fire Magic
 18648 | D:12     | Reached *** piety under Vehumet
 18902 | D:12     | Noticed a two-headed ogre
 18913 | D:12     | Killed a two-headed ogre
 18913 | D:12     | Reached skill level 10 in Hexes
 19246 | Lair:2   | Reached XP level 12. HP: 59/59 MP: 17/33
 19329 | Lair:2   | Reached skill level 1 in Air Magic
 20105 | Lair:2   | Noticed Verendum's ghost (journeyman MiGl)
 20134 | Lair:2   | Offered knowledge of Throw Icicle by Vehumet.
 20134 | Lair:2   | Killed Verendum's ghost
 21066 | Lair:3   | Reached **** piety under Vehumet
 21221 | Lair:3   | Found a staircase to the Snake Pit.
 21286 | Lair:3   | Reached skill level 1 in Armour
 21297 | Lair:3   | Found a staircase to the Swamp.
 21557 | Lair:3   | Reached skill level 16 in Spellcasting
 21908 | Lair:3   | Offered knowledge of Irradiate by Vehumet.
 22384 | Lair:4   | Noticed a four-headed hydra
 22389 | Lair:4   | Killed a four-headed hydra
 22390 | Lair:4   | Noticed a four-headed hydra
 22858 | Lair:4   | Reached XP level 13. HP: 63/63 MP: 19/35
 24133 | Lair:4   | Slain by a spiny frog

Skill      XL: |  1  2  3  4  5  6  7  8  9 10 11 12 |
---------------+-------------------------------------+-----
Spellcasting   | 4 5 6 7 9 10 12 13 15 16 | 16.6
Conjurations   | 5 6 7 8 9 11 12 13 14 | 14.6
Hexes          | 3 5 7 8 10 | 10.0
Fire Magic     | 5 8 |  8.7
Air Magic      | 3 |  3.9
Armour         | 2 |  2.5
Dodging        | 4 |  4.6
Stealth        | |  2.4

Action                   |  1- 3 |  4- 6 |  7- 9 | 10-12 | 13-15 || total
-------------------------+-------+-------+-------+-------+-------++-------
Melee: Dagger            |     6 |     7 |       |   189 |     6 ||   208
       Spear             |       |       |    39 |     9 |       ||    48
       Staff             |       |       |       |     9 |     3 ||    12
 Cast: Magic Dart        |    73 |    74 |   177 |   176 |     5 ||   505
       Searing Ray       |     3 |     8 |     5 |     1 |       ||    17
       Iskenderun's Myst |       |     2 |    45 |   199 |     8 ||   254
       Fulminant Prism   |       |     2 |    27 |    65 |     7 ||   101
       Conjure Flame     |       |       |       |    26 |     1 ||    27
       Sticky Flame      |       |       |       |    16 |     7 ||    23
       Fireball          |       |       |       |    24 |    12 ||    36
  Use: Scroll            |       |       |     6 |    14 |     4 ||    24
       Potion            |       |       |     3 |       |       ||     3
 Stab: Sleeping          |       |       |     1 |       |       ||     1
  Eat: Chunk             |     3 |     6 |     8 |    27 |     2 ||    46
       Ration            |       |       |     3 |     4 |       ||     7
Armor: Robe              |       |     2 |     7 |    21 |     1 ||    31
Dodge: Dodged            |     8 |    17 |    44 |    61 |    13 ||   143
       Deflected         |       |       |     1 |    19 |       ||    20
